 Dungeon Crawl Stone Soup version 0.31.0-11-ge490571c62 (webtiles) character file.

Game seed: 3711794300323252920

51 qw the Shooter (level 3, -1/18 HPs)
             Began as a Spriggan Hunter on Feb 4, 2024.
             Slain by Grinder (4 damage)
             ... on level 3 of the Dungeon.
             The game lasted 00:00:05 (1124 turns).

qw the Shooter (Spriggan Hunter)                    Turns: 1124, Time: 00:00:05

Health: -1/18      AC:  2    Str: 13    XL:     3   Next: 58%
Magic:  4/4        EV: 19    Int: 10    God:
Gold:   109        SH:  0    Dex: 20    Spells: 2/2 levels left

rFire   . . .        a - +0 shortbow
rCold   . . .        (shield currently unavailable)
rNeg    . . .        c - +0 robe
rPois   .            (helmet restricted)
rElec   .            (no cloak)
rCorr   .            (gloves unavailable)
SInv    +            (boots unavailable)
Will    .....        (no amulet)
Stlth   ++           b - +6 ring of strength
HPRegen 0.23/turn    (no ring)
MPRegen 0.09/turn

%: no passive effects
@: very quick
A: very small, no large weapons, unfitting armour, see invisible, speed 3
a: no special abilities


You were on level 3 of the Dungeon.
You visited 1 branch of the dungeon, and saw 3 of its levels.

You collected 109 gold pieces.


Innate Abilities, Weirdness & Mutations

You are very small and have problems with some larger weapons.
You are too small for most types of armour.
You have supernaturally acute eyesight. (SInv)
You cover ground extremely quickly. (Speed+++)


   Skills:
 - Level 1.5 Fighting
 + Level 4.8 Ranged Weapons
 - Level 4.0 Dodging
 - Level 1.5 Stealth


You had 2 spell levels left.
You didn't know any spells.
Your spell library was empty.

Inventory:

Hand Weapons
 a - a +0 shortbow (weapon)
Armour
 c - a +0 robe (worn)
Jewellery
 b - a +6 ring of strength (left hand)
Scrolls
 d - 2 scrolls of identify
Potions
 e - 2 potions of curing
 f - a potion of enlightenment {unknown}
 j - a potion of heal wounds {unknown}

Dungeon Overview and Level Annotations

Branches:
Dungeon (3/15)

Altars:

Annotations:
D:3 Grinder


Message History

Found a stone staircase leading down.
d - 2 scrolls of identify (gained 1)
You see here a hobgoblin corpse.
You see here a rat corpse.
You now have 109 gold pieces (gained 18).
Found a stone staircase leading down.
f - a viscous ruby potion You see here 6 stones.
A hobgoblin comes into view.
Found 3 stones.
You shoot an arrow. The arrow hits the hobgoblin.
You kill the hobgoblin!
You hear a shout!
Grinder comes into view.
You shoot an arrow. The arrow hits Grinder.
Grinder is lightly wounded.
You shoot an arrow. The arrow closely misses Grinder.
Grinder gestures at you. You resist with significant effort.
You shoot an arrow. The arrow closely misses Grinder.
Grinder blinks!
Grinder blinks!
You shoot an arrow. The arrow completely misses Grinder.
Grinder grins, showing sharp teeth.
You shoot an arrow. The arrow hits Grinder.
Grinder is moderately wounded.
Grinder closely misses you.
You shoot an arrow. The arrow hits Grinder!
Grinder is heavily wounded.
Grinder hits you.
You writhe in agony.
You shoot an arrow. The arrow hits Grinder.
Grinder is heavily wounded.
Grinder completely misses you.
You shoot an arrow. The arrow completely misses Grinder.
Grinder hits you.
You shoot an arrow. The arrow hits Grinder.
Grinder is severely wounded.
Grinder hits you.
You die...
Grinder sighs, "Dead already?
I want a refund."

#.##.# #.# #.##.### #..
#.%....# #.. ###
#..)...###..# #(.
#%..........# #.#
##.....####.# #.#
#>%...####.####.######
###.##%.......5......##
#.........####@.......
#.........# #.####.##
#.........####.####.#
#............(......#
#.......>.###.#####.#
#.........# #.#
#.........# #.#
#.......... >..
#.........###..


You could see Grinder.

Vanquished Creatures
  An adder (D:2)
  A dart slug (D:2)
  An orc (D:3)
  3 endoplasms
  2 goblins (D:1)
  9 hobgoblins
  3 quokkas
  5 ball pythons
  2 bats (D:1)
  3 frilled lizards (D:2)
  7 rats
37 creatures vanquished.

Notes
Turn   | Place    | Note
-------+----------+-------------------------------------------
     0 | D:1      | qw the Spriggan Hunter began the quest for the Orb.
     0 | D:1      | Reached XP level 1. HP: 10/10 MP: 2/2
     0 | D:1      | 0 ||| qw: Version: 0.3-a-160-g6735b56
     0 | D:1      | 0 ||| qw: Game counter: 4408
     0 | D:1      | 0 ||| qw: Melee chars always use a shield: true
     0 | D:1      | 0 ||| qw: God list: Okawaru
     0 | D:1      | 0 ||| qw: Allow faded altars: false
     0 | D:1      | 0 ||| qw: Do Orc after clearing Dungeon:15 true
     0 | D:1      | 0 ||| qw: Do second Lair branch before Depths: true
     0 | D:1      | 0 ||| qw: Lair rune preference: random
     0 | D:1      | 0 ||| qw: Goals: Normal
     0 | D:1      | 0 ||| PLANNING D:1-11
    48 | D:1      | Reached skill level 3 in Dodging
   360 | D:1      | 360 ||| READING scroll labelled XIAHIN BITT.
   361 | D:1      | 361 ||| DRINKING 2 viscous blue potions.
   362 | D:1      | 362 ||| DRINKING puce potion.
   363 | D:1      | 363 ||| DROPPING scroll of butterflies.
   364 | D:1      | 364 ||| DROPPING potion of ambrosia.
   400 | D:2      | Reached XP level 2. HP: 14/14 MP: 3/3
   402 | D:2      | 402 ||| STAIRDANCE
   547 | D:2      | Reached XP level 3. HP: 18/18 MP: 4/4
   557 | D:2      | Identified the +8 hand axe of Plague {holy, rPois rC++
                  | rCorr Dex+2}
  1009 | D:2      | 1009 ||| UPGRADING to +6 ring of strength.
  1010 | D:2      | 1010 ||| READING 2 scrolls labelled SOED DENIPO.
  1011 | D:2      | 1011 ||| READING scroll labelled CAQUPLEOLL.
  1011 | D:2      | 1011 ||| IDENTIFYING sedimented blue potion
  1012 | D:2      | 1012 ||| READING scroll labelled JEIHEOLISI.
  1015 | D:2      | 1015 ||| DRINKING 2 brown potions.
  1016 | D:2      | 1016 ||| DRINKING 2 ruby potions.
  1048 | D:2      | 1048 ||| DROPPING scroll of blinking.
  1049 | D:2      | 1049 ||| DROPPING potion of berserk rage.
  1050 | D:2      | 1050 ||| DROPPING potion of lignification.
  1114 | D:3      | Noticed Grinder
  1123 | D:3      | HP: 3/18 [Grinder (6)]
  1124 | D:3      | Slain by Grinder

Levels and vault maps discovered:
D:1:      eino_arrival_water_star, layout_basic
D:2:      minmay_spotlight, layout_loops_cross, serial_park_tiny_2
D:3:      gammafunk_steamed_eel, layout_loops_ring, uniq_grinder

Skill      XL: |  1  2 |
---------------+-------+-----
Dodging        | 3 4 |  4.0
Fighting       | |  1.5
Ranged Weapons | |  4.8
Stealth        | |  1.5

Action                     || total
---------------------------++-------
   Fire: Shortbow          ||    92
    Use: Potion            ||     4
         Scroll            ||     4
 Armour: Robe              ||     5
  Dodge: Dodged            ||    13

Table legend:
 A = Non-vault XP
 B = Vault XP
 C = Vault XP percentage of total XP
 D = Non-vault monster count
 E = Vault monster count
 F = Vault count percentage of total count
                 A         B        C        D         E       F
            +---------+---------+-------+---------+---------+-------
      Total |      56 |      18 |  24.3 |      33 |       4 |  10.8
            +---------+---------+-------+---------+---------+-------
        D:1 |      11 |       0 |   0.0 |       7 |       0 |   0.0
        D:2 |      32 |      18 |  36.0 |      19 |       4 |  17.4
        D:3 |      13 |       0 |   0.0 |       7 |       0 |   0.0
            +---------+---------+-------+---------+---------+-------
